Workbook
Name аааааппппппрррппппппп: #REF!
Name аараооооооооооооо: #REF!
Name автом: #REF!
Name алшрльоплварл: #REF!
Name аолвлддддддддддддддддввввввввв: #REF!
Name апарв: #REF!
Name апрлдджаоырыфрпопрлпрлпрлп: #REF!
Name арлггаджаш: #REF!
Name ароррбллтблпроорапииас: #REF!
Name арррррблллпдрлдддддддддд: #REF!
Name варпаааааааааа: #REF!
Name ввпьььььлднд: #REF!
Name вед: #REF!
Name вертикальная: #REF!
Name вертикплан: #REF!
Name волен: #REF!
Name вп: #REF!
Name впырпфдыпл: #REF!
Name впьглорьтитттттттттт: #REF!
Name всввввввввввввввввввввввввв: #REF!
Name выб: #REF!
Name выпуск: #REF!
Name выьлепвввввпмп: #REF!
Name еваопродолжэрщэрзшщщх: #REF!
Name измен: #REF!
Name итого: #REF!
Name итого_сантех: #REF!
Name итого_стр: #REF!
Name итого_строит: #REF!
Name итого_технол: #REF!
Name итого_электр: #REF!
Name квота: #REF!
Name кккккккккк: #REF!
Name корек: #REF!
Name корект: #REF!
Name корректир: #REF!
Name лен: #REF!
Name лот: #REF!
Name мамиааааааааааааааааааааааааааааа: #REF!
Name ммпоослччччччччччрччапппппппппр: #REF!
Name мрол: #REF!
Name оз: #REF!
Name озелен: #REF!
Name озеленение: #REF!
Name озеленение2: #REF!
Name ОСР: #REF!
Name ОСР110: #REF!
Name ОСР111: #REF!
Name план: #REF!
Name планировка: #REF!
Name плдщхэж.юрббдлююбо: #REF!
Name площадки: #REF!
Name пос: #REF!
Name прав: #REF!
Name прлппппппппппппппрррррррр: #REF!
Name провбп: #REF!
Name проект: #REF!
Name пропппп: #REF!
Name рпоолллллбрюююююююююююю: #REF!
Name сааповвыыыыыеееееггггггггг: #REF!

Sheet СМР
A1: Расчет начальной (максимальной) цены на
A2: выполнение строительно-монтажных работ по реконструкции здания 377 (инв.№7905562). Электроосвещение термического участка.
A4: Наименование глав ССР, объектный сметных расчетов, локальных сметных расчетов, видов прочих работ | B4: Сметная стоимость строительства в базисном уровне цен на 01.01.2000г. по ССР | F4: Остаток сметной стоимости в базисном уровне цен на 01.01.2000 | J4: Сметная стоимость строительства в базисном уровне цен на 01.01.2000г., выставленная на конкурс | N4: Текущая стоимость на момент определения начальной (максимальной) цены | O4: № обосновывающего расчета | P4: 2015 год
B5: Всего | C5: СМР | D5: Оборудование | E5: Прочие | F5: Всего | G5: СМР | H5: Оборудование | I5: Прочие | J5: Всего | K5: СМР | L5: Оборудование | M5: Прочие | P5: СМР | Q5: Оборудование | R5: Прочие
A6: 1 | B6: 2 | C6: 3 | D6: 4 | E6: 5 | F6: 6 | G6: 7 | H6: 8 | I6: 9 | J6: 10 | K6: 11 | L6: 12 | M6: 13 | N6: 14 | O6: 15 | P6: 19 | Q6: 20 | R6: 21
A7: Реконструкция здания 377 (инв. №,7905562. Электроосвещение термического участка. | B7: =SUM(C7:E7) -> 532141 | C7: =339+526870 -> 527209 | D7: 4932 | F7: =SUM(G7:I7) -> 532141 | G7: =C7 -> 527209 | H7: =D7 -> 4932 | J7: =SUM(K7:M7) -> 532141 | K7: =G7 -> 527209 | L7: =H7 -> 4932 | N7: =SUM(P7:R7) -> 3028809 | O7: 25635 (178см167) | P7: =ROUND(K7*5.71,0) -> 3010363 | Q7: =ROUND(L7*3.74,0) -> 18446
A8: Реконструкция здания 377 (инв. №7905562). Пусконаладочные работы (элетроосвещение термического участка) | B8: =SUM(C8:E8) -> 60015 | E8: 60015 | F8: =SUM(G8:I8) -> 60015 | G8: =C8 -> 0 | H8: =D8 -> 0 | I8: =E8 -> 60015 | J8: =SUM(K8:M8) -> 60015 | K8: =G8 -> 0 | L8: =H8 -> 0 | M8: =I8 -> 60015 | N8: =SUM(P8:R8) -> 600150 | O8: 25636 (178см168) | P8: =ROUND(K8*5.71,0) -> 0 | Q8: =ROUND(L8*3.74,0) -> 0 | R8: =ROUND(M8*10,0) -> 600150
A9: Итого в ценах 2000 года: | B9: =SUM(B7:B8) -> 592156 | C9: =SUM(C7:C8) -> 527209 | D9: =SUM(D7:D8) -> 4932 | E9: =SUM(E8:E8) -> 60015 | F9: =SUM(F7:F8) -> 592156 | G9: =SUM(G7:G8) -> 527209 | H9: =SUM(H7:H8) -> 4932 | I9: =SUM(I7:I8) -> 60015 | J9: =SUM(J7:J8) -> 592156 | K9: =SUM(K7:K8) -> 527209 | L9: =SUM(L7:L8) -> 4932 | M9: =SUM(M7:M8) -> 60015 | N9: =SUM(P9:R9) -> 3628959 | O9: =SUM(O7:O8) -> 0 | P9: =SUM(P7:P8) -> 3010363 | Q9: =SUM(Q7:Q8) -> 18446 | R9: =SUM(R7:R8) -> 600150
A10: Итого с индексом инфляции**: | N10: =SUM(P10:R10) -> 3814037 | P10: =ROUND(P9*1.051,0) -> 3163892 | Q10: =ROUND(Q9*1.051,0) -> 19387 | R10: =ROUND(R9*1.051,0) -> 630758
A11: НДС 18% | N11: =SUM(P11:R11) -> 686526.66 | P11: =ROUND(P10*18%,2) -> 569500.56 | Q11: =ROUND(Q10*18%,2) -> 3489.66 | R11: =ROUND(R10*18%,2) -> 113536.44
A12: Всего: | N12: =SUM(P12:R12) -> 4500563.7 | P12: =SUM(P10:P11) -> 3733392.6 | Q12: =SUM(Q10:Q11) -> 22876.66 | R12: =SUM(R10:R11) -> 744294.44
A13: * В расчете использованы индексы:
A14: - 5,71 индекс изменения сметной стоимости СМР к ТЕР 2001 (письмо Минстроя России от 13.11.2014 года № 25374-ЮР/08 приложение 1, прочие объекты)
A15: - 3,74 индекс изменения сметной стоимости оборудования к ТЕР 2001 (письмо Минстроя России от от 13.11.2014 года № 25374-ЮР/08 приложение 5, экономика в целом)
A16: -10,00 индекс изменения сметной стоимости прочих затрат к ТЕР 2001 (письмо Минстроя России от от 13.11.2014 года № 25374-ЮР/08 приложение 1, пусконаладочные работы)
A17: ** В расчете использован индекс-дефлятор по инвестициям в основной капитал 2015/2014 - 1,051 по письмам: Минэкономразвития России от 25.09.2013 № 20402-АК/ДОЗи, Госкорпорации "Росатом" от 10.02.2014 № 1-12.8/4385
A19: Начальник отдела капитального строительства
A20: ФГУП "Комбинат "Электрохимприбор" | H20: В.В. Моляков
A22: Инженер по проектно-сметной работе | H22: Н.А. Басова
A24: Согласовано | H24: отд. 028

Sheet НМЦ договора
A5: Определение начальной (максимальной) цены договора генерального подряда
A6: на выполнение строительно-монтажных работ по реконструкции здания 377 (инв.№7905562). Электроосвещение термического участка.
A7: на 2015 год
A9: Способ закупки: открытый запрос предложений
F10: ц.2000г./текущие цены, руб.
A11: Наименование услуг и работ (затрат) | C11: Сметная стоимость строительства в базисном уровне цен на 01.01.2000 г. | D11: Сметная стоимость строительства в текущем уровне цен, пресчитанная на момент проведения процедуры закупки | F11: Начальная (максимальная) цена | G11: в том числе по годам строительства
G14: 2015г.
A18: 1 | C18: 2 | D18: 3 | F18: 4 | G18: 6
A19: СМР | C19: =СМР!K9 -> 527209 | D19: =G19 -> 3163892 | F19: =SUM(G19:H19) -> 3163892 | G19: =СМР!P10 -> 3163892
A20: Оборудование | C20: =СМР!L9 -> 4932 | D20: =СМР!Q10 -> 19387 | F20: =SUM(G20:H20) -> 19387 | G20: =СМР!Q10 -> 19387
A21: Прочие затраты | C21: =СМР!M9 -> 60015 | D21: =СМР!R10 -> 630758 | F21: =SUM(D21) -> 630758 | G21: =D21 -> 630758
A22: Всего: | C22: =SUM(C19:C21) -> 592156 | D22: =СМР!N10 -> 3814037 | F22: =D22 -> 3814037 | G22: =F22 -> 3814037
A23: НДС | D23: =СМР!N11 -> 686526.66 | F23: =ROUND(F22*18%,2) -> 686526.66 | G23: =ROUND(G22*18%,2) -> 686526.66
A24: Итого с НДС | D24: =СМР!N12 -> 4500563.7 | F24: =SUM(F22:F23) -> 4500563.7 | G24: =SUM(G22:H23) -> 4500563.7
A26: В расчете использованы индексы:
A28: - 5,71 индекс изменения сметной стоимости СМР к ТЕР 2001 (письмо Минстроя России от 13.11.2014 года № 25374-ЮР/08 приложение 1, прочие объекты)
A29: - 3,74 индекс изменения сметной стоимости оборудования к ТЕР 2001 (письмо Минстроя России от от 13.11.2014 года № 25374-ЮР/08 приложение 5, экономика в целом)
A30: - 10,00 индекс изменения сметной стоимости прочих затрат к ТЕР 2001 (письмо Минстроя России от от 13.11.2014 года № 25374-ЮР/08 приложение 1, пусконаладочные работы)
A31: ** В расчете использован индекс-дефлятор по инвестициям в основной капитал 2015/2014 - 1,051 по письмам: Минэкономразвития России от 25.09.2013 № 20402-АК/ДОЗи, Госкорпорации "Росатом" от 10.02.2014 № 1-12.8/4385
A33: Начальник отдела капитального строительства
A34: ФГУП "Комбинат "Электрохимприбор" | G34: В.В. Моляков
A36: Инженер по проектно-сметной работе | G36: Н.А. Басова
A38: Согласовано | G38: отд. 028

Sheet 25635
A1: СОГЛАСОВАНО: | E1: ФГУП "Комбинат "Электрохимприбор" | M1: УТВЕРЖДАЮ:
G2: (наименование стройки) | M2: Зам. генерального директора
M3: Е.В.Гордеев
A4: _________________ | M4: _________________
A5: " _____ " ________________ 2014 г. | M5: "______ " __________2014 г.
G6: ЛОКАЛЬНЫЙ СМЕТНЫЙ РАСЧЕТ № 25635
G7: (локальная смета)
D9: на реконструкцию здания 377. Инв. № 7905562
E10: Раздел: Электроосвещение термического участка
H11: (наименование работ и затрат, наименование объекта)
D13: Основание: проект № ЭАИ.13-087-377-ЭО | N13: Справочно, в тыс.руб. :
D14: Сметная стоимость _______________________________________________________________________________________________ | J14: ___________________________532,141 | L14: тыс. руб. | N14: ВСЕГО: | P14: =P15+P16+P17 -> 3173.4735
D15: строительных работ _______________________________________________________________________________________________ | J15: _______________________________________________________________________________________________0,339 | L15: тыс. руб. | N15: с К=5,98 | P15: =5.98*0.339 -> 2.02722
D16: монтажных работ _______________________________________________________________________________________________ | J16: _______________________________________________________________________________________________526,870 | L16: тыс. руб. | N16: с К=5,98 | P16: =526.87*5.98 -> 3150.6826
D17: оборудования _______________________________________________________________________________________________ | J17: _______________________________________________________________________________________________4,932 | L17: тыс. руб. | N17: с К=4,21 | P17: =4.21*4.932 -> 20.76372
D18: Средства на оплату труда _______________________________________________________________________________________________ | J18: ___________________________16,795 | L18: тыс. руб. | N18: с К=5,98 | P18: =16.795*5.98 -> 100.4341
D19: Сметная трудоемкость _______________________________________________________________________________________________ | J19: _______________________________________________________________________________________________734,89 | L19: чел.час
D20: Материалы ______________________________________ | K20: =K98/1000 -> 452.041 | L20: тыс.руб. | N20: с К=5,98 | P20: =K20*5.98 -> 2703.2052
D21: Составлен(а) в базовых ценах 2001г. в редакции 2009г.
A23: № пп | B23: Обоснова-ние | C23: Наименование | D23: Ед. изм. | E23: Кол. | F23: Стоимость единицы, руб. | J23: Общая стоимость, руб. | O23: Т/з осн. раб.на ед. | P23: Т/з осн. раб. Всего | Q23: Общая масса обору-дования, т
F24: Всего | G24: В том числе | J24: Обору-дование | K24: Всего | L24: В том числе
G25: Осн.З/п | H25: Эк.Маш | I25: З/пМех | L25: Осн.З/п | M25: Эк.Маш | N25: З/пМех
A26: 1 | B26: 2 | C26: 3 | D26: 4 | E26: 5 | F26: 6 | G26: 7 | H26: 8 | I26: 9 | J26: 10 | K26: 11 | L26: 12 | M26: 13 | N26: 14 | O26: 15 | P26: 16 | Q26: 17
A27: Раздел 1. Демонтажные работы
A28: 1 | B28: ТЕРм08-03-595-02 | C28: Демонтаж светильник РСП 05-700 на кронштейнах на стенах, колоннах и фермах КОЭФ. К ПОЗИЦИИ: 1.8.3.ОП При производстве работ на высоте свыше расстояний, указанных в вводных указаниях к разделам сборника: при высоте свыше 8 до 15 м ОЗП=1,1; ТЗ=1,1; Демонтаж оборудования, которое не подлежит дальнейшему использованию (предназначено в лом) без разборки и резки ОЗП=0,3; ЭМ=0,3 к расх.; ЗПМ=0,3; МАТ=0 к расх.; ТЗ=0,3; ТЗМ=0,3 | D28: 100 шт. | E28: 0.96 | F28: 2483.92 | G28: 1341.54 | H28: 1142.38 | I28: 463.66 | K28: 2385 | L28: 1288 | M28: 1097 | N28: 445 | O28: 96.03 | P28: 92.19
A29: 2 | B29: ТЕРм08-02-149-01 | C29: Демонтаж: кабель до 35 кВ, подвешива-емый на тросе, масса 1 м кабеля до 1 кг КОЭФ. К ПОЗИЦИИ: 1.8.3.ОП При производстве работ на высоте свыше расстояний, указанных в вводных указаниях к разделам сборника: при высоте свыше 8 до 15 м ОЗП=1,1; ТЗ=1,1; Демонтаж оборудования, которое не подлежит дальнейшему использованию (предназначено в лом) без разборки и резки ОЗП=0,3; ЭМ=0,3 к расх.; ЗПМ=0,3; МАТ=0 к расх.; ТЗ=0,3; ТЗМ=0,3 | D29: 100 м кабеля | E29: 6.95 | F29: 850.9 | G29: 76.46 | H29: 774.44 | I29: 88.73 | K29: 5914 | L29: 531 | M29: 5383 | N29: 617 | O29: 5.64 | P29: 39.2
A30: Итого по разделу 1 Демонтажные работы | K30: 13231 | P30: 131.39
A31: Раздел 2. Оборудование
A32: ЩО1.3 в составе:
A33: 3 | B33: Цена поставщика | C33: Корпус металлический ЩРн-36з-074 IP54 | D33: шт. | E33: 1 | F33: 3072,72/1,18/4,21 | J33: 619 | K33: 619
A34: 4 | B34: Цена поставщика | C34: Рубильник ВН-32 3Р 32А ИЭК | D34: шт. | E34: 1 | F34: 168/1,18/4,21 | J34: 34 | K34: 34
A35: 5 | B35: Цена поставщика | C35: Автоматический выключатель ВА47-29С 1Р 16А | D35: шт. | E35: 10 | F35: 54,78/1,18/4,21 | J35: 110 | K35: 110
A36: 6 | B36: Цена поставщика | C36: Контактор ESB 20-20/230, GHE3211102R0006 | D36: шт. | E36: 6 | F36: 1550/1,18/4,21 | J36: 1872 | K36: 1872
A37: ЩАО1.3 в составе:
A38: 7 | B38: Цена поставщика | C38: Корпус металлический ЩРн-24з-0 74 У2 IP54 | D38: шт. | E38: 1 | F38: 1792,42/1,18/4,21 | J38: 361 | K38: 361
A39: 8 | B39: Цена поставщика | C39: Рубильник ВН-32 3Р 20А ИЭК | D39: шт. | E39: 1 | F39: 168/1,18/4,21 | J39: 34 | K39: 34
A40: 9 | B40: Цена поставщика | C40: Автоматический выключатель ВА47-29С 1Р 16А | D40: шт. | E40: 4 | F40: 54,78/1,18/4,21 | J40: 44 | K40: 44
A41: 10 | B41: Цена поставщика | C41: Автоматический выключатель ВА47-29С 1Р 10А | D41: шт. | E41: 1 | F41: 54,78/1,18/4,21 | J41: 11 | K41: 11
A42: 11 | B42: Цена поставщика | C42: Контактор ESB 20-20/230, GHE3211102R0006 | D42: шт. | E42: 3 | F42: 1550/1,18/4,21 | J42: 936 | K42: 936
A43: 12 | B43: Цена поставщика | C43: Выключатель сумеречный (реле) TWS-1M (фотоэлемент в комплекте) | D43: шт. | E43: 1 | F43: 3530/1,18/4,21 | J43: 711 | K43: 711
A44: Итого по разделу 2 Оборудование | K44: 4932
A45: Раздел 3. Монтажные работы
A46: 13 | B46: ТЕРм08-03-599-09 | C46: Щитки осветительные, устанавливаемые на стене распорными дюбелями, масса щитка до 6 кг | D46: 1 шт. | E46: 2 | F46: 111.39 | G46: 46.94 | H46: 4.69 | I46: 0.18 | K46: 223 | L46: 94 | M46: 9 | O46: 3.36 | P46: 6.72
A47: 14 | B47: ТЕРм08-03-521-01 | C47: Рубильник на плите с центральной или боковой рукояткой или управлением штангой, устанавливаемый на металлическом основании, однополюсный на ток до 250 А | D47: 1 шт. | E47: 2 | F47: 55 | G47: 17.7 | H47: 0.33 | K47: 110 | L47: 35 | M47: 1 | O47: 1.18 | P47: 2.36
A48: 15 | B48: ТЕРм08-03-526-01 | C48: Автомат одно-, двух-, трехполюсный, устанавливаемый на конструкции на стене или колонне, на ток до 25 А | D48: 1 шт. | E48: 15 | F48: 174.77 | G48: 20.9 | H48: 1.28 | K48: 2622 | L48: 314 | M48: 19 | O48: 1.56 | P48: 23.4
A49: 16 | B49: ТЕРм08-03-529-03 | C49: Контактор переменного тока на конструкции на ток до 160 А | D49: 1 шт. | E49: 9 | F49: 367.33 | G49: 55.32 | H49: 4.99 | I49: 0.18 | K49: 3306 | L49: 498 | M49: 45 | N49: 2 | O49: 3.96 | P49: 35.64
A50: 17 | B50: ТЕРм08-03-526-01 прим. | C50: Установка сумеречного выключателя | D50: 1 шт. | E50: 1 | F50: 174.77 | G50: 20.9 | H50: 1.28 | K50: 175 | L50: 21 | M50: 1 | O50: 1.56 | P50: 1.56
A51: 18 | B51: ТЕРм08-03-594-03 | C51: Светильник светодиодный, устанавливаемый на кронштейнах КОЭФ. К ПОЗИЦИИ: 1.8.3.ОП При производстве работ на высоте свыше расстояний, указанных в вводных указаниях к разделам сборника: при высоте свыше 8 до 15 м ОЗП=1,1; ТЗ=1,1 | D51: 100 шт. | E51: 0.81 | F51: 8741.47 | G51: 2597.02 | H51: 3123.25 | I51: 963.82 | K51: 7081 | L51: 2104 | M51: 2530 | N51: 781 | O51: 185.9 | P51: 150.58
A52: 19 | B52: Цена поставщика | C52: Светодиодный светильник LB/S C LED max 237 Bт, арт.1334000040 | D52: щт. | E52: 80 | F52: 4852,64 34242,15/1,18/5,98 | K52: 388211
A53: 20 | B53: Цена поставщика | C53: Светодиодный светильник LYRA L-250 E LED, арт.4502000010 | D53: щт. | E53: 1 | F53: 630,92 4452,03/1,18/5,98 | K53: 631
A54: 21 | B54: ТЕРм08-03-594-03 | C54: Светильник светодиодный, устанавливаемый на кронштейнх КОЭФ. К ПОЗИЦИИ: 1.8.3.ОП При производстве работ на высоте свыше расстояний, указанных в вводных указаниях к разделам сборника: при высоте свыше 2 до 8 м ОЗП=1,05; ТЗ=1,05 | D54: 100 шт. | E54: 0.04 | F54: 8623.43 | G54: 2478.98 | H54: 3123.25 | I54: 963.82 | K54: 345 | L54: 99 | M54: 125 | N54: 39 | O54: 177.45 | P54: 7.1
A55: 22 | B55: Цена поставщика | C55: Светодиодный светильник ARS/s 32Вт, арт.1042000030 | D55: щт. | E55: 4 | F55: 742,16 5237/1,18/5,98 | K55: 2969
A56: 23 | B56: Цена поставщика | C56: Светильник переносной СПВ-9 12 B 9Вт | D56: щт. | E56: 1 | F56: 297,6 2100/1,18/5,98 | K56: 298
A57: 24 | B57: ТЕРм08-03-603-01 | C57: Ящик с понижающим трансформатором | D57: 1 шт. | E57: 1 | F57: 30.68 | G57: 19.98 | H57: 6.59 | I57: 0.36 | K57: 31 | L57: 20 | M57: 7 | O57: 1.43 | P57: 1.43
A58: 25 | B58: ТСЦ-504-0289 | C58: Ящики с понижающим трансформатором автомат. выключателем, 36в ЯТП-0,25-1 | D58: шт. | E58: 1 | F58: 487 | K58: 487
A59: 26 | B59: ТЕРм08-02-149-01 | C59: Кабель до 35 кВ, подвешиваемый на тросе, масса 1 м кабеля до 1 кг | D59: 100 м кабеля | E59: 6.95 | F59: 4535.61 | G59: 231.71 | H59: 2581.44 | I59: 295.76 | K59: 31522 | L59: 1610 | M59: 17941 | N59: 2056 | O59: 17.1 | P59: 118.85
A60: 27 | B60: ТСЦ-509-0801 | C60: Трос стальной | D60: м | E60: 695 | F60: 12.18 | K60: 8465
A61: 28 | B61: ТСЦ-503-0461 прим. | C61: Коробка ответвительная 100х100х50 DKC | D61: шт. | E61: 20 | F61: 20.82 | K61: 416
A62: 29 | B62: ТСЦ-501-8194 | C62: Кабель силовой с медными жилами с поливинилхлоридной изоляцией в поливинилхлоридной оболочке без защитного покрова ВВГнг-LS, напряжением 0,66 Кв, число жил 3 и сечением 4,0 мм2 | D62: 1000 м | E62: 0.495 | F62: 15161 | K62: 7505
A63: 30 | B63: ТСЦ-501-8191 прим. | C63: Кабель силовой с медными жилами с поливинилхлоридной изоляцией в поливинилхлоридной оболочке без защитного покрова ВВГнг-LS, напряжением 0,66 Кв, число жил 3 и сечением 2,5 мм2 | D63: 1000 м | E63: 0.2 | F63: 10382 | K63: 2076
A64: 31 | B64: ТЕРм08-02-407-01 | C64: Труба стальная по установленным конструкциям, по стенам с креплением скобами, диаметр до 25 мм | D64: 100 м | E64: 2.5 | F64: 2527.2 | G64: 408.1 | H64: 897.93 | I64: 320.97 | K64: 6318 | L64: 1020 | M64: 2245 | N64: 802 | O64: 30.8 | P64: 77
A65: 32 | B65: ТСЦ-103-0050 | C65: Трубы стальные сварные водогазопроводные с резьбой оцинкованные обыкновенные, диаметр условного прохода 20 мм, толщина стенки 2,8 мм | D65: м | E65: 250 | F65: 24.13 | K65: 6033
A66: 33 | B66: ТЕРм08-02-412-02 | C66: Затягивание кабеля в проложенные трубы и металлические рукава | D66: 100 м | E66: 2.5 | F66: 676.59 | G66: 89.31 | H66: 5.85 | I66: 0.36 | K66: 1691 | L66: 223 | M66: 15 | N66: 1 | O66: 6.74 | P66: 16.85
A67: 34 | B67: Цена поставщика | C67: Кабель силовой с медными жилами (ож)-0,66кВ ВВГнг-FRLS 3х1,5 | D67: м | E67: 100 | F67: 6,52 46,01/1,18/5,98 | K67: 652
A68: 35 | B68: Цена поставщика | C68: Кабель силовой с медными жилами (ож)-0,66кВ ВВГнг-FRLS 3х4 | D68: м | E68: 150 | F68: 12,4 87,50/1,18/5,98 | K68: 1860
A69: 36 | B69: ТЕРм08-03-591-03 | C69: Выключатель полугерметический и герметический | D69: 100 шт. | E69: 0.02 | F69: 1658.29 | G69: 1061.72 | H69: 70.85 | I69: 1.82 | K69: 33 | L69: 21 | M69: 1 | O69: 76 | P69: 1.52
A70: 37 | B70: Цена поставщика | C70: Выключатель двухклавишный для открытой установки со степенью защиты от IP44 | D70: шт. | E70: 1 | F70: 14,68 103,60/1,18/5,98 | K70: 15
A71: 38 | B71: Цена поставщика | C71: Выключатель одноклавишный для открытой установки со степенью защиты от IP44 и выше | D71: шт. | E71: 1 | F71: 12,1 85,40/1,18/5,98 | K71: 12
A72: 39 | B72: ТЕР46-03-012-01 | C72: Пробивка в бетонных конструкциях полов и стен борозд площадью сечения до 20 см2 | D72: 100 м борозд | E72: 0.06 | F72: 1604.7 | G72: 371.8 | H72: 1232.9 | I72: 114.18 | K72: 96 | L72: 22 | M72: 74 | N72: 7 | O72: 28.06 | P72: 1.68
A73: 40 | B73: ТЕР46-03-017-05 | C73: Заделка отверстий, гнезд и борозд в стенах и перегородках бетонных площадью до 0,1 м2 | D73: 1 м3 заделки | E73: 0.05 | F73: 2078.32 | G73: 857.51 | H73: 44.07 | K73: 104 | L73: 43 | M73: 2 | O73: 75.22 | P73: 3.76
A74: Итого по разделу 3 Монтажные работы | K74: 513978 | P74: 603.5
A75: ИТОГИ ПО СМЕТЕ:
A76: Итого прямые затраты по смете в ценах 2001г. | K76: 486318 | L76: 7943 | M76: 29495 | N76: 4750 | P76: 579.84
A77: Итого прямые затраты по смете с учетом коэффициентов к итогам | K77: 505253 | L77: 10497 | M77: 37783 | N77: 6298 | P77: 734.89
A78: В том числе, справочно:
A79: Районный к-т 4,3% (Поз. 39-40, 1-2, 13-18, 21, 24, 26, 31, 33, 36) | K79: 546 | L79: 342 | M79: 204 | N79: 204
A80: Заготовительно-складские расходы на материалы - согласно п.4.64 из МДС 81-35.2004 МАТ=1,02 (Поз. 19-20, 22-23, 34-35, 37-38) | K80: 7893
A81: Транспортные расходы на оборудование - согласно п.4.60 из МДС 81-35.2004 ПЗ=1,03 (ОЗП=1,03; ЭМ=1,03; МАТ=1,03) (Поз. 3-12) | K81: 142
A82: Заготовительно-складские расходы на оборудование - согласно п.4.64 из МДС 81-35.2004 ПЗ=1,012 (ОЗП=1,012; ЭМ=1,012; МАТ=1,012) (Поз. 3-12) | K82: 58
A83: 2. Производство монтажных работ в существующих зданиях и сооружениях в стесненных условиях: с наличием в зоне производства работ действующего технологического оборудования или движения транспорта по внутрицеховым путям. ОЗП=1,35; ЭМ=1,35; ЗПМ=1,35; ТЗ=1,35; ТЗМ=1,35 (Поз. 13-18, 21, 24, 26, 31, 33, 36) | K83: 10296 | L83: 2212 | M83: 8084 | N83: 1344 | P83: 155.0535
A84: Накладные расходы | K84: 15967
A85: В том числе, справочно:
A86: 95% ФОТ (от 16720) (Поз. 1-2, 13-18, 21, 24, 26, 31, 33, 36) | K86: 15884
A87: 110% ФОТ (от 75) (Поз. 39-40) | K87: 83
A88: Сметная прибыль | K88: 10921
A89: В том числе, справочно:
A90: 65% ФОТ (от 16720) (Поз. 1-2, 13-18, 21, 24, 26, 31, 33, 36) | K90: 10868
A91: 70% ФОТ (от 75) (Поз. 39-40) | K91: 53
A92: Итоги по смете:
A93: Итого Строительные работы | K93: 339 | P93: 5.44
A94: Итого Монтажные работы | K94: 526870 | P94: 729.45
A95: Итого Оборудование | K95: 4932
A96: Итого | K96: 532141 | P96: 734.89
A97: В том числе:
A98: Материалы | K98: 452041
A99: Машины и механизмы | K99: =37783-N77 -> 31485
A100: ФОТ | K100: 16795
A101: Оборудование | K101: 4932
A102: Накладные расходы | K102: 15967
A103: Сметная прибыль | K103: 10921
...

Sheet 25636
A1: СОГЛАСОВАНО: | E1: ФГУП "Комбинат "Электрохимприбор" | M1: УТВЕРЖДАЮ:
G2: (наименование стройки) | M2: Зам. генерального директора
M3: Е.В.Гордеев
A4: _________________ | M4: _________________
A5: " _____ " ________________ 2014 г. | M5: "______ " __________2014 г.
G6: ЛОКАЛЬНЫЙ СМЕТНЫЙ РАСЧЕТ № 25636
G7: (локальная смета)
D9: на реконструкцию здания 377. Инв. № 7905562
D10: Раздел: Пусконаладочные работы (электроосвещение термического участка)
H11: (наименование работ и затрат, наименование объекта)
D13: Основание: проект № ЭАИ.13-087-377-ЭО; ВПТС п.8.34 | N13: Справочно, в тыс.руб. :
D14: Сметная стоимость прочих _______________________________________________________________________________________________ | J14: ___________________________60,015 | L14: тыс. руб. | N14: ВСЕГО: | P14: =10.48*60.015 -> 628.9572
D15: Средства на оплату труда _______________________________________________________________________________________________ | J15: ___________________________29,276 | L15: тыс. руб. | N15: с К=10,48 | P15: =29.276*10.48 -> 306.81248
D16: Сметная трудоемкость _______________________________________________________________________________________________ | J16: _______________________________________________________________________________________________1566,34 | L16: чел.час
D17: Составлен(а) в базовых ценах 2001г. в редакции 2009г.
A19: № пп | B19: Обоснование | C19: Наименование | D19: Ед. изм. | E19: Кол. | F19: Стоимость единицы, руб. | J19: Общая стоимость, руб. | N19: Т/з осн. раб.на ед. | O19: Т/з осн. раб. Всего | P19: Т/з мех. на ед. | Q19: Т/з мех. Всего
F20: Всего | G20: В том числе | J20: Всего | K20: В том числе
G21: Осн.З/п | H21: Эк.Маш | I21: З/пМех | K21: Осн.З/п | L21: Эк.Маш | M21: З/пМех
A22: 1 | B22: 2 | C22: 3 | D22: 4 | E22: 5 | F22: 6 | G22: 7 | H22: 8 | I22: 9 | J22: 10 | K22: 11 | L22: 12 | M22: 13 | N22: 14 | O22: 15 | P22: 16 | Q22: 17
A23: Раздел 1. Пусконаладочные работы ("вхолостую" 80%)
A24: 1 | B24: ТЕРп01-06-021-01 | C24: Схема разводки трехпроводной системы с количеством панелей (шкафов, ячеек): до 2 | D24: 1 схема | E24: 2 | F24: 57.95 | G24: 57.95 | J24: 116 | K24: 116 | N24: 4 | O24: 8
A25: 2 | B25: ТЕРп01-03-001-01 | C25: Выключатель однополюсный напряжением до 1 кВ: с электромагнитным, тепловым или комбинированным расцепителем | D25: 1 шт. | E25: 15 | F25: 17.81 | G25: 17.81 | J25: 267 | K25: 267 | N25: 1.5 | O25: 22.5
A26: 3 | B26: ТЕРп01-03-002-04 | C26: Рубильник трехполюсный напряжением до 1 кВ: номинальный ток до 50 А | D26: 1 шт. | E26: 2 | F26: 23.75 | G26: 23.75 | J26: 48 | K26: 48 | N26: 2 | O26: 4
A27: 4 | B27: ТЕРп01-11-013-01 | C27: Замер полного сопротивления цепи «фаза-нуль» | D27: 1 токоприемник | E27: 89 | F27: 27.06 | G27: 27.06 | J27: 2408 | K27: 2408 | N27: 1.5 | O27: 133.5
A28: 5 | B28: ТЕРп01-11-011-01 | C28: Проверка наличия цепи между заземлителями и заземленными элементами | D28: 100 точек | E28: 89 | F28: 288.64 | G28: 288.64 | J28: 25689 | K28: 25689 | N28: 16 | O28: 1424
A29: 6 | B29: ТЕРп01-02-005-03 | C29: Трансформатор силовой сухой трехфазный напряжением до 1 кВ | D29: 1 шт. | E29: 1 | F29: 68.31 | G29: 68.31 | J29: 68 | K29: 68 | N29: 4 | O29: 4
A30: 7 | B30: ТЕРп01-11-028-01 | C30: Измерение сопротивления изоляции мегаомметром кабельных и других линий напряжением до 1 кВ, предназначенных для передачи электроэнергии к распределительным устройствам, щитам, шкафам, коммутационным аппаратам и электропотребителям | D30: 1 линия | E30: 89 | F30: 7.22 | G30: 7.22 | J30: 643 | K30: 643 | N30: 0.4 | O30: 35.6
A31: Итого по разделу 1 Пусконаладочные работы ("вхолостую" 80%) | J31: 60015 | O31: 1566.34
A32: ИТОГИ ПО СМЕТЕ:
A33: Итого прямые затраты по смете в ценах 2001г. | J33: 29239 | K33: 29239 | O33: 1631.6
A34: Итого прямые затраты по смете с учетом коэффициентов к итогам | J34: 29276 | K34: 29276 | O34: 1566.34
A35: В том числе, справочно:
A36: Районный к-т 4,3% (Поз. 1-7) | J36: 1257 | K36: 1257
A37: 1. На действующих предприятиях (в цехах, корпусах, на производственных площадках) при наличии в зоне производства работ действующего технологического оборудования, что непосредственно влияет на выполнение пусконаладочных работ. ОЗП=1,2; ТЗ=1,2 (Поз. 1-7) | J37: 6099 | K37: 6099 | O37: 326.32
A38: Пусконаладочные работы (вхолостую 80%) ПЗ=0,8 (ОЗП=0,8; ЭМ=0,8; ЗПМ=0,8; МАТ=0,8; ТЗ=0,8; ТЗМ=0,8) (Поз. 1-7) | J38: -7319 | K38: -7319 | O38: -391.584
A39: Накладные расходы | J39: 19029
A40: В том числе, справочно:
A41: 65% ФОТ (от 29276) (Поз. 1-7) | J41: 19029
A42: Сметная прибыль | J42: 11710
A43: В том числе, справочно:
A44: 40% ФОТ (от 29276) (Поз. 1-7) | J44: 11710
A45: Итоги по смете:
A46: Пусконаладочные работы: 'вхолостую' - 80% | J46: 60015 | O46: 1566.34
A47: Итого | J47: 60015 | O47: 1566.34
A48: В том числе:
A49: ФОТ | J49: 29276
A50: Накладные расходы | J50: 19029
A51: Сметная прибыль | J51: 11710
A52: ВСЕГО по смете | J52: 60015 | O52: 1566.34
A54: ПРИМЕЧАНИЯ:
B55: 1. | C55: Материал от разборки, пригодный для дальнейшего использования, передается балансодержателю по акту
B57: Начальник отд. 078 _________________________ Т.М.Ковязина | I57: Составил ведущий инженер __________________ В.В.Воронкова
